 Dungeon Crawl Stone Soup version 0.26-a0-54-g15ccc7ae60 (webtiles) character file.

Game seed: 10703831773445607953

5690 Hasart the Grappler (level 10, -2/83 HPs)
             Began as a Red Draconian Transmuter on June 8, 2020.
             Was a Believer of Makhleb.
             Slain by a yak (6 damage)
             ... on level 10 of the Dungeon.
             The game lasted 00:26:09 (14086 turns).

Hasart the Grappler (Red Draconian Transmuter)     Turns: 14086, Time: 00:26:10

Health: -2/83      AC:  8    Str: 13    XL:     10   Next: 47%
Magic:  0/13       EV: 16    Int: 17    God:    Makhleb [**....]
Gold:   336        SH:  0    Dex: 17    Spells: 1/13 levels left

rFire    + . .     SeeInvis .     - Unarmed
rCold    . . .     Gourm    .   (no shield)
rNeg     . . .     Faith    .   (armour unavailable)
rPois    .         Spirit   +   (helmet restricted)
rElec    .         Reflect  .   L - +0 cloak
rCorr    +         Harm     .   (no gloves)
MR       .....                  (no boots)
Stlth    ++........             d - amulet of guardian spirit
HPRegen  0.23/turn              r - ring of resist corrosion
MPRegen  0.13/turn              R - +6 ring of dexterity

@: short of breath
A: breathe fire, unfitting armour, fire resistance 1, cold-blooded, AC +7
a: Breathe Fire, Minor Destruction, Renounce Religion


You were on level 10 of the Dungeon.
You worshipped Makhleb.
Makhleb was pleased with you.
You were hungry.

You visited 2 branches of the dungeon, and saw 11 of its levels.
You also visited: Ossuary.

You collected 513 gold pieces.
You spent 177 gold pieces at shops.

Inventory:

Missiles
 a - 269 arrows
 g - 23 boomerangs
 l - 42 poisoned darts (quivered)
 v - 4 silver javelins
 Q - a throwing net
Armour
 L - a +0 cloak (worn)
Jewellery
 d - an amulet of guardian spirit (around neck)
 f - a +6 ring of strength
 p - an uncursed ring of fire
 r - a ring of resist corrosion (left hand)
 J - an uncursed ring of fire
 R - a +6 ring of dexterity (right hand)
 S - a +6 ring of strength
Wands
 y - a wand of acid (11)
 P - a wand of digging (4)
 U - a wand of iceblast (8)
Scrolls
 b - 2 scrolls of enchant weapon
 e - 4 scrolls of magic mapping
 j - 14 scrolls of identify
 k - 4 scrolls of teleportation
 m - 7 scrolls of blinking {unknown}
 o - 2 scrolls of amnesia {unknown}
 s - 4 scrolls of remove curse
 t - 4 scrolls of immolation {unknown}
 u - 3 scrolls of noise {unknown}
 x - 4 scrolls of random uselessness {unknown}
 F - 2 scrolls of brand weapon {unknown}
 G - a scroll of fear {unknown}
 H - a scroll of fog {unknown}
 I - a scroll of holy word {unknown}
 K - a scroll of vulnerability {unknown}
 O - a scroll of enchant armour {unknown}
Potions
 h - 6 potions of heal wounds {unknown}
 i - 2 potions of ambrosia {unknown}
 n - 8 potions of curing
 q - 2 potions of resistance {unknown}
 w - 3 potions of degeneration {unknown}
 z - 4 potions of haste {unknown}
 A - 2 potions of might {unknown}
 B - 2 potions of flight {unknown}
 C - 2 potions of lignification {unknown}
 E - a potion of cancellation {unknown}
 M - a potion of stabbing {unknown}
 N - 2 potions of mutation
 T - a potion of brilliance {unknown}
Comestibles
 c - 13 rations


   Skills:
 + Level 6.2 Fighting
 + Level 4.6 Throwing
 + Level 5.6 Dodging
 * Level 8.8 Unarmed Combat
 - Level 2.3 Spellcasting
 + Level 1.7 Charms
 + Level 6.1 Transmutations
 + Level 2.5 Ice Magic
 - Level 4.1 Poison Magic
 + Level 3.6 Invocations


You had one spell level left.
You knew the following spells:

 Your Spells              Type           Power        Failure   Level  Hunger
a - Beastly Appendage     Tmut           ###...       1%          1    #......
b - Sticks to Snakes      Tmut           ###.....     2%          2    ###....
c - Spider Form           Tmut/Pois      ###.......   7%          3    ###....
d - Ice Form              Ice/Tmut       ###.....     30%         4    #####..
e - Song of Slaying       Chrm           #.......     14%         2    ###....

Your spell library contained the following spells:

 Spells                   Type           Power        Failure   Level  Hunger
 Infusion                 Chrm           #...         10%         1    #......
 Corona                   Hex            #......      19%         1    #......
 Ensorcelled Hibernation  Hex/Ice        #.....       17%         2    ###....
 Shroud of Golubria       Chrm/Tloc      #.....       21%         2    ###....
 Ozocubu's Armour         Chrm/Ice       #.......     24%         3    ###....
 Spectral Weapon          Hex/Chrm       #.......     36%         3    ###....
 Blade Hands              Tmut           ###.......   38%         5    ######.
 Confusing Touch          Hex            #.......     50%         3    ###....
 Dazzling Flash           Conj/Hex       #.....       50%         3    ###....
 Tukima's Dance           Hex            #.......     50%         3    ###....


Dungeon Overview and Level Annotations

Branches:
Dungeon (10/15)            Temple (1/1) D:4            Lair (0/6) D:8
Ossuary (visited)
    Orc: D:9-12

Altars:
Ashenzari
Cheibriados
Dithmenos
Elyvilon
Fedhas
Gozag
Hepliaklqana
Kikubaaqudgha
Makhleb
Nemelex Xobeh
Okawaru
Qazlal
Ru
Sif Muna
Trog
Uskayaw
Vehumet
Wu Jian
Xom
Yredelemnul
Zin
The Shining One

Shops:
D:8 =!?[%

Annotations:
D:8 2 transporters, Dirian's ghost, novice MiFi


Innate Abilities, Weirdness & Mutations

You can breathe blasts of fire.
Your fiery red scales are hard. (AC +7)
You cannot fit into any form of body armour.
Your flesh is heat resistant. (rF+)
You are cold-blooded and may be slowed by cold attacks.


Message History

You hit the yak but do no damage. You tail-slap the yak.
The yak is moderately wounded.
The yak gores you!
You punch the yak! You tail-slap the yak.
The yak is heavily wounded.
The yak gores you!
* * * LOW HITPOINT WARNING * * *
You hit the yak.
The yak is almost dead.
The yak gores you.
* * * LOW HITPOINT WARNING * * *
The yak gores you!
* * * LOW HITPOINT WARNING * * *
Press: ? - help, Shift-Dir - straight line, f - yak
Aim: a yak (heavily wounded)
You breathe a blast of fire.
The fiery breath hits the yak!
The yak is almost dead.
You are feeling hungry.
The yak gores you.
You die...

.............#
.............#.
...............
......Y.Y....#
.......Y.....#
.......Y.....#
##.# # ####..#
# #@YY.## #
##Y###########
#
#............#
##
#............#
#.
#.ยง.......>..+
#.
#............#
.#.
#............#
#...
########'#####
###. ##.# ##


You could see 3 yaks.

Vanquished Creatures
  A two-headed ogre (D:10)
  2 yaks (D:10)
  A human (D:9)
  4 hogs (D:9)
  Grum (D:8)
  A sky beast (D:10)
  4 orc warriors
  2 necrophages
  3 ice beasts
  A phantom (D:7)
  2 wolves (D:8)
  5 centaurs
  A big kobold (D:7)
  4 bullfrogs
  2 scorpions
  6 killer bees (D:7)
  4 wights (D:6)
  3 crimson imps
  A bullfrog zombie (D:8)
  2 jellies
  A centaur zombie (Ossuary)
  2 quasits
  3 orc priests
  A bullfrog skeleton (D:10)
  2 hounds
  A gnoll shaman (D:8)
  Natasha (twice) (D:3)
  6 iguanas
  8 orc wizards
  9 worker ants
  2 big kobold zombies (Ossuary)
  2 hound zombies
  A howler monkey zombie (D:4)
  6 mummies
  A worker ant zombie (D:6)
  7 adders
  5 gnolls (D:8)
  2 shadow imps
  An adder skeleton (D:5)
  2 worms
  A dart slug (D:5)
  2 leopard geckos
  32 orcs
  6 giant cockroaches
  A gnoll zombie (Ossuary)
  8 goblins
  2 hobgoblins
  16 jackals
  7 quokkas
  A ball python (D:1)
  5 bats
  4 frilled lizards
  2 hobgoblin zombies (Ossuary)
  A jackal skeleton (D:4)
  8 kobolds
  2 kobold zombies (Ossuary)
  A leopard gecko skeleton (D:5)
  2 quokka zombies
  5 rats
220 creatures vanquished.

Vanquished Creatures (others)
  An orc wizard (D:5)
1 creature vanquished.

Grand Total: 221 creatures vanquished

Notes
Turn   | Place    | Note
-------+----------+-------------------------------------------
     0 | D:1      | Hasart the Draconian Transmuter began the quest for the
                  | Orb.
     0 | D:1      | Reached XP level 1. HP: 16/16 MP: 3/3
   242 | D:1      | Reached XP level 2. HP: 17/23 MP: 5/5
   248 | D:1      | Learned a level 2 spell: Sticks to Snakes
  1470 | D:2      | Reached XP level 3. HP: 19/28 MP: 4/6
  1624 | D:2      | Learned a level 3 spell: Spider Form
  2615 | D:3      | Found a radiant altar of Vehumet.
  2875 | D:3      | Noticed Natasha
  2886 | D:3      | Killed Natasha
  2886 | D:3      | Reached XP level 4. HP: 34/36 MP: 5/7
  3154 | D:3      | Noticed Natasha
  3166 | D:3      | Killed Natasha
  3446 | D:4      | Reached skill level 4 in Unarmed Combat
  3446 | D:4      | Reached skill level 1 in Poison Magic
  3454 | D:4      | Reached XP level 5. HP: 36/42 MP: 6/8
  3695 | D:4      | Found a sparkling altar of Nemelex Xobeh.
  3742 | D:4      | Found a staircase to the Ecumenical Temple.
  4049 | Temple   | Entered the Ecumenical Temple
  4472 | D:4      | Reached XP level 6. HP: 31/50 MP: 5/9
  4741 | D:4      | Reached skill level 1 in Throwing
  5311 | D:5      | Entered Level 5 of the Dungeon
  5325 | D:5      | Found a sand-covered staircase.
  5338 | Ossuary  | Entered an ossuary
  5843 | Ossuary  | Reached skill level 5 in Unarmed Combat
  5843 | Ossuary  | Your scales start taking on a fiery red colour.
  5843 | Ossuary  | Reached XP level 7. HP: 32/57 MP: 7/10
  5843 | Ossuary  | Gained mutation: Your flesh is heat resistant. (rF+) [Red
                  | Draconian growth]
  6867 | D:5      | Reached XP level 8. HP: 55/66 MP: 8/11
  7072 | D:5      | Found a white marble altar of Elyvilon.
  7078 | D:5      | Learned a level 4 spell: Ice Form
  7132 | D:5      | Found a shimmering altar of Xom.
  7133 | D:5      | Found a glowing silver altar of Zin.
  7133 | D:5      | Found a snail-covered altar of Cheibriados.
  7133 | D:5      | Found an ornate altar of the Wu Jian Council.
  7134 | D:5      | Found a shattered altar of Ashenzari.
  7216 | D:5      | Reached skill level 6 in Unarmed Combat
  7724 | D:6      | HP: 1/67 [orc priest/divine providence (6)]
  9514 | D:6      | Found a burning altar of Makhleb.
  9552 | D:6      | Reached skill level 7 in Unarmed Combat
  9740 | D:6      | Became a worshipper of Makhleb the Destroyer
  9754 | D:6      | Found an iron altar of Okawaru.
 10103 | D:6      | Got a jewelled scimitar
 10104 | D:6      | Identified the +10 scimitar of the Head {speed, Stlth+}
                  | (You found it on level 6 of the Dungeon)
 10136 | D:7      | Found a sacrificial altar of Ru.
 10141 | D:7      | Reached skill level 5 in Fighting
 10141 | D:7      | Reached XP level 9. HP: 49/74 MP: 8/12
 10410 | D:7      | Reached skill level 5 in Transmutations
 10866 | D:7      | Reached skill level 1 in Invocations
 10920 | D:7      | Found an opulent altar of Gozag.
 10920 | D:7      | Found a sparkling altar of Nemelex Xobeh.
 11520 | D:7      | Reached * piety under Makhleb
 11640 | D:8      | Noticed a moth of wrath
 11644 | D:8      | Found a transporter.
 11651 | D:8      | Noticed Dirian's ghost (novice MiFi)
 11653 | D:8      | Found Xuth's Jewellery Shoppe.
 11655 | D:8      | Found Xephewke's Distillery.
 11700 | D:8      | Bought a potion of curing for 36 gold pieces
 11700 | D:8      | Bought a potion of mutation for 96 gold pieces
 11783 | D:8      | Found a shimmering blue altar of Sif Muna.
 11867 | D:8      | Found Veyfa's Armour Boutique.
 11890 | D:8      | Found a staircase to the Lair.
 12051 | D:8      | Reached skill level 1 in Ice Magic
 12058 | D:8      | Noticed Grum
 12073 | D:8      | Killed Grum
 12221 | D:8      | Found Ziyn's Magic Scroll Shop.
 12235 | D:8      | Bought a scroll of magic mapping for 45 gold pieces
 12245 | D:8      | Reached skill level 5 in Dodging
 12308 | D:8      | Found a transporter.
 12494 | D:8      | Found Obbomeeh's Food Shoppe.
 12764 | D:9      | Reached skill level 8 in Unarmed Combat
 13080 | D:9      | Learned a level 2 spell: Song of Slaying
 13314 | D:9      | Reached ** piety under Makhleb
 13643 | D:9      | Reached XP level 10. HP: 72/83 MP: 10/13
 13804 | D:9      | Reached skill level 1 in Charms
 13859 | D:10     | Entered Level 10 of the Dungeon
 13874 | D:10     | Noticed a two-headed ogre
 13893 | D:10     | Killed a two-headed ogre
 14085 | D:10     | HP: 4/83 [yak (11)]
 14086 | D:10     | Slain by a yak

Illustrated notes

Levels and vault maps discovered:
D:1:      dpeg_arrival_chambers_temple_mockup, layout_basic, minmay_tetromino_o2
D:2:      layout_basic
D:3:      layout_loops_ring, vehumet_crystals, minmay_misc_feat_pillars,
          minmay_misc_feat_x, uniq_natasha
D:4:      kennysheep_six_static_rooms, layout_basic, minmay_temple_entry_ruins,
          first_ration, chequers_big_river, nemelex_xobeh_ov_fountains_minmay
D:5:      layout_loops_cross, grunt_temple_overflow_open,
          gup_ossuary_entry_pyramid
D:6:      layout_gridville, minitemple, serial_co_window_serial,
          co_window_paths_b, co_window_of_opportunity_a,
          co_window_of_opportunity_a, co_window_corner_a, co_window_corner_a,
          co_window_corner_cb, co_window_2corner, co_window_broadway_b,
          co_window_corner_b, glass_columns_a, glass_columns_b, glass_columns_b,
          glass_columns_b, due_unseen_surprise
D:7:      layout_loops_ring, grunt_temple_overflow_opulence,
          nicolae_ru_sacrificial_ziggurat
D:8:      layout_basic, led_sif_pool, lair_entry_dummy, serial_shops, shop,
          nicolae_shop_window_shopping, shop_statue, nicolae_shop_stone, shop,
          gammafunk_ghost_berserking_beasts, uniq_grum
D:9:      layout_stronghold, grunt_livestock
D:10:     layout_roguey, hangedman_corner_corridor, uniq_psyche
Temple:   dpeg_chambers_temple

Skill      XL: |  1  2  3  4  5  6  7  8  9 10 |
---------------+-------------------------------+-----
Dodging        | 2 3 4 5 |  5.6
Fighting       | 2 3 5 6 |  6.2
Unarmed Combat | 4 5 7 8 |  8.8
Poison Magic   | 1 2 3 4 |  4.1
Transmutations | 3 4 5 6 |  6.1
Throwing       | 1 2 3 4 |  4.6
Invocations    | 2 3 |  3.6
Ice Magic      | 1 2 |  2.5
Charms         | 1 |  1.7
Spellcasting   | |  2.3

Action                   |  1- 3 |  4- 6 |  7- 9 | 10-12 || total
-------------------------+-------+-------+-------+-------++-------
Melee: Unarmed           |   156 |   195 |   505 |    66 ||   922
       Tailslap          |    16 |    21 |    50 |    15 ||   102
       Headbutt          |     3 |     6 |    24 |    10 ||    43
       Kick              |     1 |     7 |    26 |       ||    34
       Punch             |       |     3 |    11 |     4 ||    18
Throw: Boomerang         |    12 |       |       |       ||    12
       Dart              |     6 |    27 |    51 |     3 ||    87
       Javelin           |       |     2 |       |       ||     2
 Cast: Beastly Appendage |     7 |    11 |    26 |     1 ||    45
       Sticks to Snakes  |       |       |     6 |       ||     6
 Abil: Breathe Fire      |       |       |    29 |     7 ||    36
Evoke: Wand              |       |       |     3 |       ||     3
  Use: Scroll            |       |     3 |     1 |       ||     4
 Stab: Sleeping          |     1 |       |     1 |       ||     2
  Eat: Chunk             |     3 |     7 |    26 |     3 ||    39
       Ration            |     1 |     1 |     1 |       ||     3
Armor: Skin              |    68 |    31 |   169 |    15 ||   283
Dodge: Dodged            |   107 |    99 |   400 |    36 ||   642

Table legend:
 A = Non-vault XP
 B = Vault XP
 C = Vault XP percentage of total XP
 D = Non-vault monster count
 E = Vault monster count
 F = Vault count percentage of total count
                 A         B        C        D         E       F
            +---------+---------+-------+---------+---------+-------
      Total |    6336 |    1793 |  22.1 |     192 |      29 |  13.1
            +---------+---------+-------+---------+---------+-------
        D:1 |      27 |       2 |   6.9 |      19 |       1 |   5.0
        D:2 |      24 |       0 |   0.0 |       6 |       0 |   0.0
        D:3 |      65 |      37 |  36.3 |      16 |       1 |   5.9
        D:4 |     271 |     142 |  34.4 |      20 |       5 |  20.0
        D:5 |    1073 |      18 |   1.6 |      26 |       1 |   3.7
        D:6 |     945 |       0 |   0.0 |      28 |       0 |   0.0
        D:7 |     935 |       0 |   0.0 |      28 |       0 |   0.0
        D:8 |     432 |     423 |  49.5 |      22 |       3 |  12.0
        D:9 |     850 |     980 |  53.6 |      20 |       5 |  20.0
       D:10 |    1714 |       0 |   0.0 |       7 |       0 |   0.0
    Ossuary |       0 |     191 | 100.0 |       0 |      13 | 100.0
            +---------+---------+-------+---------+---------+-------
